 Dungeon Crawl Stone Soup version 0.27-a0-1006-g1fd4cec11e (webtiles) character file.

Game seed: 13959977589584686398

102 siradein the Twirler (level 4, -3/33 HPs)
             Began as a Demonspawn Gladiator on Apr 17, 2021.
             Slain by Sigmund
             ... wielding a +0 scythe
              (9 damage)
             ... on level 2 of the Dungeon.
             The game lasted 00:02:11 (2251 turns).

siradein the Twirler (Demonspawn Gladiator)         Turns: 2251, Time: 00:02:12

Health: -3/33      AC:  7    Str: 15    XL:     4   Next: 50%
Magic:  13/13      EV: 10    Int: 10    God:
Gold:   67         SH:  0    Dex: 14    Spells: 3/3 levels left

rFire    . . .     SeeInvis .   a - +0 quarterstaff
rCold    . . .     Faith    .   (shield currently unavailable)
rNeg     . . .     Spirit   .   g - +0 scale mail
rPois    .         Reflect  .   c - +0 helmet
rElec    .         Harm     .   (no cloak)
rCorr    .         Rampage  .   (no gloves)
Will     .....                  (no boots)
Stlth    ..........             (no amulet)
HPRegen  0.11/turn              e - ring of magical power
MPRegen  0.13/turn              (no ring)

@: no status effects
A: demonic magic 2
a: no special abilities


You were on level 2 of the Dungeon.
You visited 1 branch of the dungeon, and saw 2 of its levels.

You collected 67 gold pieces.

Inventory:

Hand Weapons
 a - a +0 quarterstaff (weapon)
Missiles
 d - 3 throwing nets (quivered)
Armour
 c - a +0 helmet (worn)
 g - a +0 scale mail (worn)
Jewellery
 e - a ring of magical power (left hand)
Scrolls
 h - a scroll of acquirement {unknown}
 j - a scroll of torment {unknown}
Potions
 b - 3 potions of curing {unknown}
 f - 2 potions of degeneration {unknown}
 i - a potion of attraction {unknown}


   Skills:
 - Level 2.0 Fighting
 + Level 4.9 Staves
 - Level 1.7 Throwing
 - Level 2.6 Dodging


You had 3 spell levels left.
You didn't know any spells.
Your spell library was empty.

Dungeon Overview and Level Annotations

Branches:
Dungeon (2/15)

Altars:

Annotations:
D:2 Sigmund


Innate Abilities, Weirdness & Mutations

Spells you cast may paralyse nearby enemies.


Message History

You hit the hobgoblin.
The hobgoblin is almost dead.
The hobgoblin barely misses you.
You completely miss the hobgoblin.
The hobgoblin is almost dead.
The hobgoblin hits you but does no damage.
You sock the hobgoblin!
You kill the hobgoblin!
j - a scroll labelled VEGUCZ WOGUEFRONI
Things that are here:
a +0 quarterstaff; a +0 robe; a hobgoblin corpse You see here a jackal skeleton.
You see here a +0 hand axe.
Sigmund the Dreaded comes into view.
He is wielding a +0 scythe.
Sigmund shouts!
Sigmund gestures at you while chanting.
You are confused.
Sigmund is nearby!
Sigmund is nearby!
Sigmund is nearby!
You see here a +0 hand axe.
You're too confused to move!
You start waiting.
You feel less confused.
You start waiting.
Sigmund is nearby!
Sigmund casts a spell at you.
You are confused.
You closely miss Sigmund. Sigmund closely misses you.
Sigmund casts a spell at himself.
Sigmund flickers and vanishes!
Deactivating autopickup; reactivate with Ctrl-A.
Something hits you!
You're too confused to move!
Something hits you.
You feel less confused. Something hits you. Something hits you!
* * * LOW HITPOINT WARNING * * *
Something hits you!
You die...

....#...##..#
#####)..###.# #########
#......###.### #.......#
#.###...)....#
#.......###.###..##..#.#
#.......##..............
####.###.....#.#.##.....
##.###.#..##.#.##.###.
##....@...###.#........
#......#### #.##..≈≈...
###.#### ###......⌠≈.#
#..# ##.......≈≈... ##.#
#............. #.#
##..#####..#...
#.####..## ##.....
#.##..).# #.####
#.##.##.# #.#


There were no monsters in sight!

Vanquished Creatures
  Robin (D:2)
  4 adders (D:2)
  A worm (D:2)
  A dart slug (D:2)
  An endoplasm (D:1)
  A giant cockroach (D:2)
  3 hobgoblins (D:2)
  7 jackals
  A quokka (D:2)
  4 ball pythons (D:1)
  4 bats
  2 frilled lizards (D:1)
  14 goblins
  3 kobolds
  2 rats
49 creatures vanquished.

Notes
Turn   | Place    | Note
-------+----------+-------------------------------------------
     0 | D:1      | siradein the Demonspawn Gladiator began the quest for the
                  | Orb.
     0 | D:1      | Reached XP level 1. HP: 16/16 MP: 1/1
   273 | D:1      | Reached skill level 3 in Staves
   279 | D:1      | Gained mutation: Spells you cast may paralyse adjacent
                  | enemies. [demonic ancestry]
   279 | D:1      | Reached XP level 2. HP: 20/22 MP: 2/2
   636 | D:1      | Found a faded altar of an unknown god.
   827 | D:2      | Reached XP level 3. HP: 25/27 MP: 3/3
   914 | D:2      | Reached skill level 4 in Staves
  1323 | D:2      | Gained mutation: Spells you cast may paralyse nearby
                  | enemies. [demonic ancestry]
  1323 | D:2      | Reached XP level 4. HP: 23/33 MP: 4/4
  1371 | D:2      | Noticed Robin
  1377 | D:2      | Killed Robin
  2230 | D:2      | Noticed Sigmund
  2251 | D:2      | Slain by Sigmund

Illustrated notes

Levels and vault maps discovered:
D:1:      lightli_iron_boxes, layout_basic,
          shapermc_ecumenical_altar_mp_urbaneastern
D:2:      layout_rooms, corexii_leaking_fountain, uniq_robin, uniq_sigmund

Skill      XL: |  1  2  3 |
---------------+----------+-----
Staves         | 3 4 |  4.9
Fighting       | |  2.0
Throwing       | |  1.7
Dodging        | |  2.6

Action                   |  1- 3 |  4- 6 || total
-------------------------+-------+-------++-------
Melee: Quarterstaff      |   114 |    54 ||   168
Armor: Leather armour    |     3 |       ||     3
       Scale mail        |    49 |    26 ||    75
Dodge: Dodged            |    73 |    43 ||   116

Table legend: (Time is in decaauts)
 A = Elapsed time spent in this place.
 B = Non-inter-level travel time spent in this place.
 C = Inter-level travel time spent in this place.
 D = Time resting spent in this place.
 E = Time spent auto-exploring this place.
 F = Levels seen in this place.
 G = Mean time per level.
                   A        B        C        D        E       F      G
               +--------+--------+--------+--------+--------+-----+--------+
         Total |   2265 |   2263 |      2 |      5 |   1920 |   2 | 1132.5 |
       Dungeon |   2265 |   2263 |      2 |      5 |   1920 |   2 | 1132.5 |
               +--------+--------+--------+--------+--------+-----+--------+

Top non-repeatable levels by time:
     D:2: 1508 daAuts
     D:1: 757 daAuts
